 Dungeon Crawl Stone Soup version 0.29.0-4-gdea44cf6ec (webtiles) character file.

Game seed: 4872264519551229513

50 qw the Chopper (level 3, 0/23 HPs)
             Began as a Gargoyle Fighter on Sept 7, 2022.
             Slain by a goblin
             ... wielding a +0 dagger
             ... led by Robin
              (3 damage)
             ... on level 2 of the Dungeon.
             The game lasted 00:00:29 (1671 turns).

qw the Chopper (Gargoyle Fighter)                   Turns: 1671, Time: 00:00:30

Health: 0/23       AC: 10    Str: 21    XL:     3   Next: 79%
Magic:  3/3        EV:  9    Int:  8    God:
Gold:   23         SH:  4    Dex:  9    Spells: 2/2 levels left

rFire   . . .      SeeInvis .   Y - +0 war axe
rCold   . . .      Faith    .   c - +0 buckler
rNeg    + . .      Spirit   .   b - +0 scale mail
rPois   inf        Reflect  .   (no helmet)
rElec   +          Harm     .   (no cloak)
rCorr   .          Rampage  .   (no gloves)
Will    .....                   (no boots)
Stlth   ..........              (no amulet)
HPRegen 0.07/turn               (no ring)
MPRegen 0.08/turn               (no ring)

@: no status effects
A: sickness immunity, AC +3, negative energy resistance 1, electricity
resistance, torment resistance 1, petrification resistance
a: no special abilities


You were on level 2 of the Dungeon.
You visited 1 branch of the dungeon, and saw 2 of its levels.

You collected 23 gold pieces.


Innate Abilities, Weirdness & Mutations

You are immune to sickness and miasma.
Your stone body is resilient. (AC +3)
You are immune to poison.
You resist negative energy. (rN+)
You are resistant to electric shocks. (rElec)
You are resistant to unholy torment.
You are immune to petrification.


   Skills:
 - Level 3.2 Fighting
 + Level 3.6 Axes
 - Level 3.2 Armour
 - Level 3.2 Shields


You had 2 spell levels left.
You didn't know any spells.
Your spell library was empty.

Inventory:

Hand Weapons
 j - a +0 mace
 Y - a +0 war axe (weapon)
Missiles
 a - 3 boomerangs (quivered)
Armour
 b - a +0 scale mail (worn)
 c - a +0 buckler (worn)
 e - an orb of mayhem
Scrolls
 f - a scroll of noise {unknown}
Potions
 d - 2 potions of might
 g - a potion of haste
 h - a potion of cancellation {unknown}
 i - a potion of attraction {unknown}
 k - 2 potions of experience {unknown}
 l - a potion of curing {unknown}

Dungeon Overview and Level Annotations

Branches:
Dungeon (2/15)

Altars:

Annotations:
D:2 Robin, Terence


Message History

The hobgoblin barely misses you. The goblin barely misses you.
You hit Robin but do no damage.
Robin is heavily wounded.
You barely miss the goblin. You barely miss the hobgoblin.
The goblin no longer looks unusually strong.
The hobgoblin no longer looks unusually strong.
Robin roars a battlecry!
The goblins go into a battle-frenzy!
The goblin hits you with a +0 dagger.
The hobgoblin hits you but does no damage.
Robin closely misses you.
You barely miss Robin.
Robin is heavily wounded.
You hit the goblin.
You kill the goblin!
You hit the hobgoblin. Robin hits you but does no damage.
The hobgoblin hits you but does no damage.
Robin closely misses you.
The hobgoblin hits you but does no damage.
You hit Robin but do no damage.
Robin is heavily wounded.
You closely miss the hobgoblin. You block Robin's attack.
The hobgoblin hits you but does no damage.
Robin hits you with a +0 short sword.
You closely miss Robin.
Robin is heavily wounded.
You slash the hobgoblin!
You kill the hobgoblin!
Robin hits you but does no damage.
You hit Robin but do no damage.
Robin is heavily wounded.
You hit the goblin but do no damage.
The goblin no longer looks unusually strong.
The goblin hits you but does no damage.
Robin roars a battlecry!
The goblin goes into a battle-frenzy!
The goblin hits you with a +0 dagger.
You die...

#..# #######..#######
................
#.##.##..#......
#.##.##..#..#.##
#.##.##..#..#.#
#.##.##..#..#.#
##..#####.##.##..#..#.#
...).gg@)...........#.#
##.####g)...###....##.#
..............####.#
####.....###### #.#
##...##########.# ##...
.......<.#
###############


You could see Robin (fast) and 2 goblins.

Vanquished Creatures
  2 adders (D:2)
  A worm (D:2)
  8 goblins (D:2)
  3 hobgoblins (D:2)
  4 jackals (D:1)
  A quokka (D:1)
  A ball python (D:2)
  4 bats
  A kobold (D:2)
  2 rats
27 creatures vanquished.

Notes
Turn   | Place    | Note
-------+----------+-------------------------------------------
     0 | D:1      | qw the Gargoyle Fighter began the quest for the Orb.
     0 | D:1      | Reached XP level 1. HP: 14/14 MP: 1/1
     0 | D:1      | 0 ||| qw: Version: 0.1-a-108-g9e35731
     0 | D:1      | 0 ||| qw: Game counter: 6432
     0 | D:1      | 0 ||| qw: Always use a shield: true
     0 | D:1      | 0 ||| qw: God list: Okawaru
     0 | D:1      | 0 ||| qw: Allow faded altars: false
     0 | D:1      | 0 ||| qw: Do Orc after D:15 true
     0 | D:1      | 0 ||| qw: Do second Lair branch before Depths: true
     0 | D:1      | 0 ||| qw: Lair rune preference: random
     0 | D:1      | 0 ||| qw: Plans: Normal, Zot, God:TSO, Crypt, Tomb, Zig,
                  | Orb
     0 | D:1      | 0 ||| PLANNING D:1-11
   397 | D:1      | Reached XP level 2. HP: 7/19 MP: 2/2
   763 | D:1      | Found a faded altar of an unknown god.
  1124 | D:1      | 1124 ||| READING scroll labelled SOYRUSESAE.
  1125 | D:1      | 1125 ||| READING scroll labelled HULYAC VOFFICS.
  1126 | D:1      | 1126 ||| READING scroll labelled FUYMES XOBUTAU.
  1127 | D:1      | 1127 ||| READING scroll labelled JOZXA YTSORYL.
  1157 | D:2      | 1157 ||| FLEEEEING.
  1158 | D:2      | 1158 ||| FLEEEEING.
  1242 | D:2      | Reached skill level 3 in Axes
  1242 | D:2      | Reached XP level 3. HP: 23/23 MP: 3/3
  1651 | D:2      | Noticed Robin
  1660 | D:2      | Noticed Terence
  1667 | D:2      | HP: 5/23 [goblin/+0 dagger[Robin] (2)]
  1671 | D:2      | Slain by a goblin

Levels and vault maps discovered:
D:1:      dpeg_arrival_leaves_temple_mockup, layout_basic, serial_rivers,
          chequers_serial_rivers_large_b, chequers_serial_rivers_large_a,
          chequers_serial_rivers_micro_a, chequers_serial_rivers_micro_e,
          chequers_serial_rivers_micro_a, shapermc_ecumenical_altar_pompeii
D:2:      layout_loops_ring, nicolae_underground_beach, uniq_terence,
          uniq_crazy_yiuf_cottage, uniq_robin

Skill      XL: |  1  2 |
---------------+-------+-----
Axes           | 2 3 |  3.6
Fighting       | |  3.2
Armour         | |  3.2
Shields        | |  3.2

Action                   || total
-------------------------++-------
Melee: War axe           ||    86
Throw: Boomerang         ||     7
  Use: Scroll            ||     4
Armor: Scale mail        ||    67
Dodge: Dodged            ||    59
Block: Buckler           ||    31

Table legend:
 A = Non-vault XP
 B = Vault XP
 C = Vault XP percentage of total XP
 D = Non-vault monster count
 E = Vault monster count
 F = Vault count percentage of total count
                 A         B        C        D         E       F
            +---------+---------+-------+---------+---------+-------
      Total |      54 |      18 |  25.0 |      18 |       9 |  33.3
            +---------+---------+-------+---------+---------+-------
        D:1 |      14 |       0 |   0.0 |       8 |       0 |   0.0
        D:2 |      40 |      18 |  31.0 |      10 |       9 |  47.4
            +---------+---------+-------+---------+---------+-------
